 Dungeon Crawl Stone Soup version 0.30-a0-702-gdf48620a09 (webtiles) character file.

Game seed: 2758055422485215865

85 KennySheep the Chopper (level 4, 0/60 HPs)
             Began as a Hill Orc Monk on Jan 21, 2023.
             Succumbed to Terence's poison
             ... on level 2 of the Dungeon.
             The game lasted 00:02:42 (1695 turns).

KennySheep the Chopper (Hill Orc Monk)              Turns: 1695, Time: 00:02:42

Health: 0/60       AC:  2    Str: 15    XL:     4   Next: 48%
Magic:  5/6        EV: 12    Int: 10    God:
Gold:   120        SH:  0    Dex: 13    Spells: 3/3 levels left

rFire   . . .      SeeInvis .    a - +0 hand axe
rCold   . . .      Faith    .    (no shield)
rNeg    . . .      Spirit   .    b - +0 robe
rPois   .          Reflect  .    (no helmet)
rElec   .          Harm     .    (no cloak)
rCorr   .          Rampage  .    (no gloves)
Will    .....                    (no boots) Stlth
                                 (no amulet)
HPRegen 0.30/turn                (no ring)
MPRegen 0.10/turn                (no ring)

@: berserking, lethally poisoned (0 -> -3), invisible, very quick
A: no striking features
a: no special abilities


You were on level 2 of the Dungeon.
You visited 1 branch of the dungeon, and saw 2 of its levels.

You collected 120 gold pieces.

Inventory:

Hand Weapons
 a - a +0 hand axe (weapon)
Armour
 b - a +0 robe (worn)
Scrolls
 d - 6 scrolls of identify
 h - a scroll of fog {unknown}
 i - 2 scrolls of blinking {unknown}
 j - a scroll of noise {unknown}
Potions
 e - a potion of degeneration
 g - a potion of mutation {unknown}


   Skills:
 + Level 4.1 Fighting
 * Level 5.0 Axes
 + Level 1.5 Armour
 - Level 2.4 Dodging
 - Level 1.5 Stealth
 * Level 2.8 Invocations


You had 3 spell levels left.
You didn't know any spells.
Your spell library was empty.

Dungeon Overview and Level Annotations

Branches:
Dungeon (2/15)

Altars:


Message History

You feel very sick. Terence barely misses you.
It was a potion of berserk rage.
A red film seems to cover your vision as you go berserk!
You feel yourself moving faster!
You feel mighty!
You feel very sick. Terence closely misses you.
You slash Terence!
Terence is heavily wounded.
You feel sick. Terence closely misses you.
You barely miss Terence.
Terence is heavily wounded.
You feel sick.
You hit Terence.
Terence is severely wounded.
You feel sick. Terence closely misses you.
You barely miss Terence.
Terence is severely wounded.
You feel sick.
Terence hits you with a +0 hand axe of venom.
* * * LOW HITPOINT WARNING * * *
You closely miss Terence.
Terence is severely wounded.
* * * LOW HITPOINT WARNING * * *
You feel sick. Terence closely misses you.
You slash Terence!
You kill Terence!
* * * LOW HITPOINT WARNING * * *
You feel sick.
Your Axes skill increases to level 5!
You barely miss the giant cockroach.
* * * LOW HITPOINT WARNING * * *
You feel sick.
The giant cockroach bites you but does no damage.
You hit the giant cockroach but do no damage.
* * * LOW HITPOINT WARNING * * *
You feel sick. The giant cockroach barely misses you.
You hit the giant cockroach.
You kill the giant cockroach!
You die...

#.##.##..# #.......#
#.......>####.........
####........+.........
#.#...####.........
####.##.## ##.......#
#........# ##.....##
#.##..##.# ##...## #
##.# ##+# #@# #)# ...
##.## #.# ... ... ...


There were no monsters in sight!

Vanquished Creatures
  Terence (D:2)
  2 adders (D:2)
  A dart slug (D:1)
  3 bats (D:2)
  2 endoplasms
  A giant cockroach (D:2)
  2 goblins
  8 hobgoblins
  3 jackals (D:1)
  2 kobolds
  2 quokkas
  6 ball pythons
  5 rats
38 creatures vanquished.

Notes
Turn   | Place    | Note
-------+----------+-------------------------------------------
     0 | D:1      | KennySheep the Hill Orc Monk began the quest for the Orb.
     0 | D:1      | Reached XP level 1. HP: 19/19 MP: 1/1
   200 | D:1      | Reached skill level 1 in Invocations
   201 | D:1      | Reached XP level 2. HP: 15/27 MP: 2/2
   736 | D:1      | Reached skill level 1 in Armour
   736 | D:1      | Reached XP level 3. HP: 33/33 MP: 4/4
  1373 | D:2      | Reached XP level 4. HP: 34/40 MP: 5/5
  1678 | D:2      | Noticed Terence
  1692 | D:2      | Killed Terence
  1692 | D:2      | HP: 3/60 [poisoned by Terence]
  1693 | D:2      | Reached skill level 5 in Axes
  1694 | D:2      | HP: 1/60 [poisoned by Terence]
  1695 | D:2      | Succumbed to Terence's poison

Illustrated notes

Levels and vault maps discovered:
D:1:      elethiomel_arrival_maze, layout_rooms
D:2:      layout_loops_corners, uniq_terence

Skill      XL: |  1  2  3  4 |
---------------+-------------+-----
Invocations    | 1 2 |  2.8
Armour         | 1 |  1.5
Fighting       | 4 |  4.1
Axes           | 5 |  5.0
Dodging        | |  2.4
Stealth        | |  1.5

Action                   |  1- 3 |  4- 6 || total
-------------------------+-------+-------++-------
Melee: Hand axe          |   125 |    15 ||   140
  Use: Potion            |     1 |     2 ||     3
       Scroll            |     1 |       ||     1
 Stab: Sleeping          |     3 |     1 ||     4
Armor: Robe              |    16 |     3 ||    19
Dodge: Dodged            |    86 |    12 ||    98

Table legend: (Time is in decaauts)
 A = Elapsed time spent in this place.
 B = Non-inter-level travel time spent in this place.
 C = Inter-level travel time spent in this place.
 D = Time resting spent in this place.
 E = Time spent auto-exploring this place.
 F = Levels seen in this place.
 G = Mean time per level.
                   A        B        C        D        E       F      G
               +--------+--------+--------+--------+--------+-----+--------+
         Total |   1702 |   1702 |      0 |     96 |   1327 |   2 |  851.0 |
       Dungeon |   1702 |   1702 |      0 |     96 |   1327 |   2 |  851.0 |
               +--------+--------+--------+--------+--------+-----+--------+

Top non-repeatable levels by time:
     D:2: 900 daAuts
     D:1: 801 daAuts
